 Dungeon Crawl Stone Soup version 0.25.0 (webtiles) character file.

Game seed: 16581480378882633842

30256 Froggeryz the Severer (level 13, 0/172 HPs)
             Began as a Minotaur Berserker on June 12, 2020.
             Was an Elder of Trog.
             Slain by a freezing wraith (23 damage)
             ... in an ice cave.
             The game lasted 00:17:14 (17841 turns).

Froggeryz the Severer (Minotaur Berserker)         Turns: 17841, Time: 00:17:14

Health: 0/172      AC: 11    Str: 24    XL:     13   Next: 19%
Magic:  12/12      EV: 13    Int:  4    God:    Trog [****..]
Gold:   1082       SH: 20    Dex: 13    Spells: 12/12 levels left

rFire    . . .     SeeInvis .   G - +6 war axe (vorpal)
rCold    . . .     Gourm    .   b - +1 kite shield
rNeg     . . .     Faith    .   l - +0 chain mail
rPois    .         Spirit   .   d - +1 hat
rElec    +         Reflect  +   O - +0 cloak {Stlth+}
rCorr    +         Harm     .   (no gloves)
MR       .....                  (no boots)
Stlth    ..........             A - amulet of reflection
HPRegen  0.38/turn              t - ring of resist corrosion
MPRegen  0.13/turn              f - ring "Nepreoc" {rElec EV+4}

@: berserking, slowed
A: retaliatory headbutt, horns 2
a: Berserk, Trog's Hand, Brothers in Arms, Renounce Religion


You were in an ice cave.
You worshipped Trog.
Trog was greatly pleased with you.
You were not hungry.

You visited 2 branches of the dungeon, and saw 15 of its levels.
You also visited: Ice Cave.

You collected 1082 gold pieces.

Inventory:

Hand Weapons
 D - a +2 long sword of flaming
 G - a +6 vorpal war axe (weapon)
Missiles
 r - 11 javelins (quivered)
 u - 5 curare-tipped darts
Armour
 b - a +1 kite shield (worn)
 d - a +1 hat (worn)
 l - a +0 chain mail (worn)
 O - a +0 cloak of stealth (worn)
Jewellery
 f - the ring "Nepreoc" (right hand) {rElec EV+4}
   (You acquired it on level 11 of the Dungeon)

   [ring of evasion]

   It affects your evasion (+4).
   It insulates you from electricity.
 j - an uncursed ring of positive energy
 t - a ring of resist corrosion (left hand)
 A - an amulet of reflection (around neck)
Wands
 g - a wand of random effects (27)
 s - a wand of paralysis (9)
 w - a wand of polymorph (6)
 y - a wand of digging (12)
 C - a wand of clouds (12)
 H - a wand of iceblast (9)
 M - a wand of disintegration (15)
Scrolls
 e - 9 scrolls of teleportation
 i - 2 scrolls of magic mapping
 m - 3 scrolls of blinking
 n - a scroll of fog
 v - a scroll of enchant weapon
Potions
 a - a potion of resistance
 h - a potion of invisibility
 k - a potion of curing
 p - 3 potions of lignification
 q - 3 potions of might
 B - a potion of berserk rage
 J - 2 potions of mutation
Comestibles
 c - 12 rations


   Skills:
 - Level 10.8 Fighting
 - Level 18.8 Axes
 - Level 4.5 Armour
 - Level 3.1 Dodging
 + Level 13.7 Shields


You had 12 spell levels left.
You didn't know any spells.
Your spell library was empty.

Dungeon Overview and Level Annotations

Branches:
Dungeon (11/15)            Temple (0/1) D:7            Lair (4/6) D:11
 Shoals (0/4) Lair:3       Spider (0/4) Lair:2          Orc (0/2) D:11
  IceCv (1/1)

Altars:
Ashenzari
Cheibriados
Dithmenos
Elyvilon
Gozag
Hepliaklqana
Kikubaaqudgha
Makhleb
Nemelex Xobeh
Qazlal
Ru
Vehumet
Wu Jian
Xom
Zin
The Shining One

Shops:
D:11 :

Annotations:
D:6 exclusion: statue


Innate Abilities, Weirdness & Mutations

You reflexively headbutt those who attack you in melee.
You have a pair of horns on your head.


Message History

Unknown command.
You hit the freezing wraith but do no damage.
You slash the freezing wraith! The freezing wraith hits you!
The freezing wraith freezes you!!
* * * LOW HITPOINT WARNING * * *
The freezing wraith misses you. You block the freezing wraith's attack.
The freezing wraith hits you.
* * * LOW HITPOINT WARNING * * *
The freezing wraith drains your vigour!
You feel as though you will be slow longer.
You block the freezing wraith's attack. The freezing wraith hits you.
* * * LOW HITPOINT WARNING * * *
The freezing wraith drains your vigour!
You feel as though you will be slow longer.
Unknown command.
A red film seems to cover your vision as you go berserk!
You feel yourself moving faster!
You feel mighty! The freezing wraith hits you.
* * * LOW HITPOINT WARNING * * *
The freezing wraith freezes you!!
You die...

#...∩...# ##.....##
..## ##.!.##
##...## ##...#
##....... #...##
#........ #...##
#........ ##...##
#Y....... ##...#
##WW...... ##..#
##.@# ##..## #..###
#..## ##...### #
##..#### ##....###
##.#....#.##
###....##
#..........##
###...###
#............##
###...###
#.............####
###...##
##...............##
##...#


You could see 2 freezing wraiths and an ice beast.

Vanquished Creatures
  A hydra (Lair:1)
  A catoblepas (Lair:3)
  4 two-headed ogres
  Urug (D:10)
  Pikel (D:7)
  3 cyclopes
  A manticore (D:11)
  2 merfolk sirens (Lair:3)
  Joseph (D:8)
  Psyche (D:8)
  10 spiny frogs
  5 freezing wraiths (IceCv)
  4 komodo dragons (Lair:2)
  A rime drake (Lair:1)
  A polar bear (Lair:3)
  A merfolk (Lair:3)
  2 trolls
  17 blink frogs
  A hornet (D:11)
  3 hippogriffs
  18 yaks
  A spriggan (D:9)
  A vampire (D:9)
  A wyvern (D:10)
  3 hungry ghosts
  A death yak simulacrum (IceCv)
  An acid dragon (D:11)
  Edmund (D:4)
  3 water moccasins
  5 porcupines
  7 ice beasts
  3 orc warriors
  An eye of draining (D:10)
  2 slaves (D:7)
  An alligator simulacrum (IceCv)
  A phantom (D:8)
  A sky beast (D:7)
  A black bear (D:6)
  4 wolves (Lair:2)
  7 centaurs
  8 ogres
  7 crocodiles
  12 bullfrogs
  A gnoll sergeant (D:8)
  A water moccasin skeleton (D:10)
  4 scorpions
  16 killer bees
  2 wights (D:9)
  4 howler monkeys
  4 crimson imps
  A bullfrog zombie (D:5)
  4 hounds
  3 orc priests
  Crazy Yiuf (D:2)
  2 centaur zombies
  6 jellies
  9 orc wizards
  4 centaur skeletons
  2 iguanas
  15 worker ants
  5 hell rats (Lair:4)
  A polar bear simulacrum (IceCv)
  A wolf simulacrum (IceCv)
  2 hound skeletons
  A howler monkey zombie (D:7)
  A worker ant zombie (D:7)
  12 gnolls
  19 adders
  5 white imps (IceCv)
  An ooze (D:3)
  2 adder zombies
  An adder skeleton (D:4)
  6 worms
  7 leopard geckos
  23 orcs
  A ball python (D:5)
  A giant cockroach (D:4)
  7 hobgoblins
  5 jackals
  4 kobolds
  3 quokkas
  6 bats
  5 frilled lizards
  11 goblins
  A jackal skeleton (D:8)
  A leopard gecko zombie (D:6)
  2 quokka zombies
  2 rats
  2 fungi
368 creatures vanquished.

Vanquished Creatures (others)
  5 fungi (Lair:2)
  2 plants
7 creatures vanquished.

Grand Total: 375 creatures vanquished

Notes
Turn   | Place    | Note
-------+----------+-------------------------------------------
     0 | D:1      | Froggeryz the Minotaur Berserker began the quest for the
                  | Orb.
     0 | D:1      | Reached XP level 1. HP: 19/19 MP: 0/0
   208 | D:1      | Reached skill level 4 in Axes
   350 | D:1      | Reached XP level 2. HP: 22/26 MP: 1/1
   949 | D:2      | Found an opulent altar of Gozag.
   960 | D:2      | Reached XP level 3. HP: 19/31 MP: 2/2
  1180 | D:2      | Found a white marble altar of Elyvilon.
  1189 | D:2      | Reached ** piety under Trog
  1195 | D:2      | Reached skill level 5 in Axes
  1257 | D:2      | Found an ancient bone altar of Kikubaaqudgha.
  1509 | D:2      | Reached XP level 4. HP: 39/39 MP: 3/3
  1515 | D:2      | Found a glowing golden altar of the Shining One.
  2206 | D:2      | Found a runed translucent door.
  2207 | D:2      | Noticed Crazy Yiuf
  2217 | D:2      | Killed Crazy Yiuf
  2217 | D:2      | Reached skill level 6 in Axes
  2217 | D:2      | Reached XP level 5. HP: 21/45 MP: 4/4
  2941 | D:3      | Reached *** piety under Trog
  3148 | D:3      | Found a faded altar of an unknown god.
  3411 | D:4      | Found a snail-covered altar of Cheibriados.
  3416 | D:4      | Reached skill level 7 in Axes
  3416 | D:4      | Reached XP level 6. HP: 49/51 MP: 5/5
  3937 | D:4      | Noticed Edmund
  3950 | D:4      | Killed Edmund
  3950 | D:4      | Reached skill level 8 in Axes
  3950 | D:4      | Reached skill level 1 in Shields
  3950 | D:4      | Reached XP level 7. HP: 42/57 MP: 1/6
  4611 | D:5      | Entered Level 5 of the Dungeon
  4652 | D:5      | Reached skill level 9 in Axes
  4691 | D:5      | Reached **** piety under Trog
  5077 | D:5      | Reached XP level 8. HP: 34/64 MP: 7/7
  5285 | D:5      | Reached skill level 10 in Axes
  5694 | D:6      | Reached skill level 5 in Shields
  5808 | D:6      | Found a radiant altar of Vehumet.
  6040 | D:7      | Found a stormy altar of Qazlal.
  6219 | D:7      | Found a staircase to the Ecumenical Temple.
  6248 | D:7      | Reached skill level 11 in Axes
  6251 | D:7      | Noticed Pikel
  6261 | D:7      | Killed Pikel
  6261 | D:7      | Reached XP level 9. HP: 65/70 MP: 8/8
  6516 | D:7      | Reached skill level 12 in Axes
  6626 | D:7      | Found an ornate altar of the Wu Jian Council.
  6637 | D:7      | Found a sacrificial altar of Ru.
  7093 | D:8      | Noticed Joseph
  7113 | D:8      | Killed Joseph
  7113 | D:8      | Reached skill level 13 in Axes
  7123 | D:8      | Noticed Psyche
  7131 | D:8      | Killed Psyche
  7149 | D:8      | Reached ***** piety under Trog
  7891 | D:8      | Reached XP level 10. HP: 45/77 MP: 9/9
  8101 | D:8      | Reached skill level 14 in Axes
  8532 | D:8      | Found a shattered altar of Ashenzari.
  8595 | D:9      | Found a sparkling altar of Nemelex Xobeh.
  8598 | D:9      | Noticed a two-headed ogre
  8608 | D:9      | Killed a two-headed ogre
  8811 | D:9      | Received a gift from Trog
  9148 | D:9      | Reached skill level 5 in Fighting
  9158 | D:9      | Noticed a two-headed ogre
  9166 | D:9      | HP: 4/81 [two-headed ogre/+0 giant club (13)]
  9167 | D:9      | Killed a two-headed ogre
  9167 | D:9      | Reached skill level 15 in Axes
  9167 | D:9      | Reached skill level 10 in Shields
  9714 | D:9      | Noticed a cyclops
  9734 | D:9      | Killed a cyclops
  9734 | D:9      | Reached XP level 11. HP: 73/89 MP: 10/10
 10108 | D:9      | Found a hazy altar of Hepliaklqana.
 10109 | D:9      | Found a shadowy altar of Dithmenos.
 10244 | D:9      | Found a shimmering altar of Xom.
 10245 | D:9      | Found a burning altar of Makhleb.
 10369 | D:9      | Found a glowing silver altar of Zin.
 10405 | D:9      | Found a burning altar of Makhleb.
 10405 | D:9      | Noticed a green death
 10418 | D:9      | Found a shimmering altar of Xom.
 10489 | D:10     | Entered Level 10 of the Dungeon
 10968 | D:10     | Noticed Urug
 10985 | D:10     | Killed Urug
 10985 | D:10     | Reached skill level 16 in Axes
 11084 | D:10     | Noticed a two-headed ogre
 11090 | D:10     | Killed a two-headed ogre
 11662 | D:11     | Found a staircase to the Orcish Mines.
 11808 | D:11     | Found Fesimmegh's Book Shop.
 11811 | D:11     | Noticed a two-headed ogre
 11818 | D:11     | Killed a two-headed ogre
 12196 | D:11     | Found a staircase to the Lair.
 12205 | D:11     | Received a gift from Trog
 12390 | D:11     | Identified a scroll of acquirement
 12391 | D:11     | Got the ring "Nepreoc" {rElec EV+4}
 12833 | D:11     | Reached skill level 17 in Axes
 13315 | Lair:1   | Entered Level 1 of the Lair of Beasts
 13324 | Lair:1   | Reached XP level 12. HP: 97/103 MP: 11/11
 13905 | Lair:1   | Noticed an eight-headed hydra
 13913 | Lair:1   | HP: 1/104 [five-headed hydra (9)]
 13920 | Lair:1   | Killed a five-headed hydra
 14822 | Lair:2   | Found a hole to the Spider Nest.
 15216 | Lair:2   | Reached skill level 18 in Axes
 15393 | Lair:2   | Reached skill level 10 in Fighting
 16058 | Lair:3   | Noticed a catoblepas
 16071 | Lair:3   | Killed a catoblepas
 16548 | Lair:3   | Found a staircase to the Shoals.
 16558 | Lair:3   | Reached XP level 13. HP: 61/114 MP: 12/12
 17295 | Lair:4   | Found a frozen archway.
 17304 | IceCv    | Entered an ice cave
 17841 | IceCv    | Slain by a freezing wraith

Illustrated notes

Levels and vault maps discovered:
D:1:      dpeg_arrival_line_fractal, layout_basic
D:2:      layout_loops_ring, old_standard_altar, lemuel_round_altar,
          kiku_gazebo_garden_becter, tso_metal_star, uniq_crazy_yiuf_cottage
D:3:      layout_loops_ring, chequers_ecumenical_altar_simple,
          kennysheep_generic_room_5
D:4:      minmay_inner_zag, layout_rooms, lemuel_coloured_pillars_altar,
          uniq_edmund
D:5:      layout_cave_pools, first_ration
D:6:      layout_rooms, vehumet_statue
D:7:      layout_gridville, nicolae_ru_path_of_blood, lemuel_crystal_altar,
          kennysheep_little_box, temple_doors_e, uniq_pikel
D:8:      layout_basic, ashenzari_conservatory_becter, uniq_psyche, uniq_joseph
D:9:      minmay_the_grid_octo_tiled_octocenter
          [minmay_the_grid_octo_thin_diamonds, minmay_the_grid_octo_77,
          minmay_the_grid_octo_shrine, minmay_the_grid_octo_clover_2,
          minmay_the_grid_octo_prize_star, minmay_the_grid_square_5x5_bite,
          minmay_the_grid_square_5x5_two_small,
          minmay_the_grid_square_5x5_spiral_small,
          minmay_the_grid_square_5x5_inner_v], layout_cave_pools,
          nemelex_xobeh_ov_fountains_minmay, kennysheep_mini, basic_altar,
          grunt_pizzeria, statue_in_the_mist_lemuel, makhleb_altar_promises_db
D:10:     layout_cave_pools, grunt_ministairs_7, uniq_urug
D:11:     layout_loops_ring, lair_entry_dummy, orc_0_dummy, serial_shops,
          nicolae_shop_statue_plus, serial_rivers,
          chequers_serial_rivers_large_b, chequers_serial_rivers_micro_d,
          chequers_serial_rivers_small_b, chequers_serial_rivers_large_a,
          chequers_serial_rivers_room_a, chequers_serial_rivers_small_a,
          hangedman_decor_lopped
Lair:1:   layout_cave_pods, grunt_megastairs_2
Lair:2:   layout_small_grid, spider_nest_entry_web_field, beast_lair_carwin_6
Lair:3:   layout_roguey, elwin_shoals_entry_rooms, beast_lair_carwin_5
Lair:4:   layout_small_grid, portal_ice_cave_entry_pillars_2
IceCv:    ice_cave_small_necro

Skill      XL: |  1  2  3  4  5  6  7  8  9 10 11 12 |
---------------+-------------------------------------+-----
Axes           | 4 5 6 7 8 9 11 13 15 17 18 | 18.8
Dodging        | 3 |  3.1
Armour         | 3 4 |  4.5
Shields        | 1 4 6 8 10 11 13 | 13.7
Fighting       | 6 8 10 | 10.8

Action                   |  1- 3 |  4- 6 |  7- 9 | 10-12 | 13-15 || total
-------------------------+-------+-------+-------+-------+-------++-------
Melee: Hand axe          |    77 |   139 |   305 |    54 |       ||   575
       Headbutt          |    12 |    27 |    61 |   100 |    16 ||   216
       War axe           |       |       |       |   481 |    85 ||   566
       Long sword        |       |       |       |     4 |       ||     4
Throw: Javelin           |       |       |     3 |     1 |       ||     4
Invok: Berserk           |       |     1 |     2 |     3 |       ||     6
       Trog's Hand       |       |       |     1 |     2 |       ||     3
Evoke: Wand              |       |       |     1 |     6 |       ||     7
  Use: Scroll            |       |     3 |     4 |    19 |     4 ||    30
       Potion            |       |       |     1 |       |     1 ||     2
 Stab: Sleeping          |     1 |       |       |       |       ||     1
       Distracted        |       |       |       |     1 |       ||     1
  Eat: Chunk             |     2 |     2 |    11 |    22 |     2 ||    39
       Ration            |       |     2 |     1 |     4 |     1 ||     8
Armor: Animal skin       |     8 |       |       |       |       ||     8
       Chain mail        |     7 |    55 |   151 |   109 |    18 ||   340
Dodge: Dodged            |    49 |    40 |   144 |   131 |    20 ||   384
Block: Kite shield       |       |       |       |   239 |    67 ||   306
       Reflection        |       |       |       |     1 |       ||     1
